 Dungeon Crawl Stone Soup version 0.30-a0-1082-g70414cbcbb (webtiles) character file.

Game seed: 7015909297877292398

30 xian the Chopper (level 3, -2/30 HPs)
             Began as a Draconian Gladiator on Apr 15, 2023.
             Slain by Robin
             ... wielding a +5 vampiric dagger
              (3 damage)
             ... on level 2 of the Dungeon.
             The game lasted 00:01:53 (609 turns).

xian the Chopper (Draconian Gladiator)               Turns: 609, Time: 00:01:53

Health: -2/30      AC:  5    Str: 18    XL:     3   Next: 5%
Magic:  3/3        EV: 12    Int:  8    God:
Gold:   54         SH:  0    Dex: 12    Spells: 2/2 levels left

rFire   + . .      SeeInvis .    a - +0 war axe
rCold   + . .      Faith    .    (no shield)
rNeg    . . .      Spirit   .    (body armour unavailable)
rPois   +          Reflect  .    b - +0 hat
rElec   +          Rampage  .    (no cloak)
rCorr   +                        (no gloves)
Will    .....                    (no boots)
Stlth   +                        (no amulet)
HPRegen 0.25/turn                (no ring)
MPRegen 0.08/turn                (no ring)

@: resistant
A: AC +5, unfitting armour, cold-blooded
a: no special abilities


You were on level 2 of the Dungeon.
You visited 1 branch of the dungeon, and saw 2 of its levels.

You collected 54 gold pieces.

Inventory:

Hand Weapons
 a - a +0 war axe (weapon)
Missiles
 c - 3 throwing nets
 d - a javelin (quivered)
Armour
 b - a +0 hat (worn)
Jewellery
 g - a ring of fire
Scrolls
 e - a scroll of immolation {unknown}
 f - a scroll of identify {unknown}


   Skills:
 + Level 2.4 Fighting
 + Level 3.8 Axes
 + Level 1.8 Throwing
 + Level 3.0 Dodging
 + Level 0.1 Stealth


You had 2 spell levels left.
You didn't know any spells.
Your spell library was empty.

Dungeon Overview and Level Annotations

Branches:
Dungeon (1/15)

Altars:

Annotations:
D:2 Robin


Innate Abilities, Weirdness & Mutations

Your plain brown scales are hard. (AC +5)
You cannot fit into any form of body armour.
You are cold-blooded and may be slowed by cold attacks.


Message History

The goblins go into a battle-frenzy!
The goblin hits you with a +0 dagger.
* * * LOW HITPOINT WARNING * * *
The goblin hits you but does no damage. x2; The goblin misses you.
You hear a shout!
You closely miss the goblin. x2; The goblin hits you but does no damage.
The goblin misses you.
You hit the goblin.
The goblin is heavily wounded.
You barely miss the goblin. The goblin hits you with a +0 dagger.
* * * LOW HITPOINT WARNING * * *
The goblin hits you but does no damage.
Unknown command.
You hit the goblin but do no damage.
The goblin is heavily wounded.
You barely miss the goblin. The goblin closely misses you.
The goblin hits you with a +0 dagger.
* * * LOW HITPOINT WARNING * * *
The goblin misses you. The goblin closely misses you.
Unknown command.
You hit the goblin but do no damage.
The goblin is moderately wounded.
You hit the goblin.
You kill the goblin!
The goblin hits you but does no damage.
Unknown command.
It was a potion of resistance.
You feel protected. The goblin closely misses you.
You hit the goblin.
Your tail-slap misses the goblin.
The goblin is severely wounded.
You hit Robin.
Robin hits you with a +5 vampiric dagger.
* * * LOW HITPOINT WARNING * * *
Robin draws strength from your wounds! The goblin closely misses you.
You barely miss the goblin.
Your tail-slap misses the goblin.
The goblin is severely wounded.
You barely miss Robin.
Robin hits you with a +5 vampiric dagger.
You die... #.........#.######†### ###..###.............. ...........#######†### ## #########..######....# ... ...........##......#.# .ggg.#########.##.####.#.# gg..

#..#.##.# #....
♣..#####..#.##.# #.###
♣..ggg@g..#.##.####.#
._....g####.##.##.#.##.#
♣PP♣... #.....#...##.###
♣ ♣... ##########.##....
P...# #..........##....
....# #.###########.###
#.... #.####### #†...
#.########.......# #..##
.........####.# #....


You could see Robin, a hobgoblin (strong) and 3 goblins.

Vanquished Creatures
  An adder (D:2)
  A giant cockroach (D:2)
  6 goblins (D:2)
  3 hobgoblins
  2 jackals (D:2)
  A ball python (D:2)
  A bat (D:2)
  A frilled lizard (D:2)
  3 kobolds
19 creatures vanquished.

Vanquished Creatures (others)
  3 fungi (D:2)
  5 plants (D:2)
8 creatures vanquished.

Grand Total: 27 creatures vanquished

Notes
Turn   | Place    | Note
-------+----------+-------------------------------------------
     0 | D:1      | xian the Draconian Gladiator began the quest for the Orb.
     0 | D:1      | Reached XP level 1. HP: 17/17 MP: 1/1
   114 | D:1      | You fall into a shaft and drop 1 floor!
   438 | D:2      | Reached XP level 2. HP: 22/24 MP: 2/2
   587 | D:2      | Found a faded altar of an unknown god.
   588 | D:2      | Noticed Robin
   601 | D:2      | Reached XP level 3. HP: 9/30 MP: 3/3
   608 | D:2      | HP: 1/30 [Robin/+5 vampiric dagger (2)]
   609 | D:2      | Slain by Robin

Illustrated notes

Levels and vault maps discovered:
D:1:      amcnicky_arrival_gap_in_the_tavern_cellar, layout_loops_corners,
          serial_shops, nicolae_shop_tiny_waterfront
D:2:      layout_basic, dreamdust_ecumenical_altar_grove,
          dreamdust_wishing_well, uniq_robin

Skill      XL: |  1  2 |
---------------+-------+-----
Dodging        | 3 |  3.0
Fighting       | |  2.4
Axes           | |  3.8
Throwing       | |  1.8
Stealth        | |  0.1

Action                     || total
---------------------------++-------
  Melee: War axe           ||    58
         Tailslap          ||     5
    Use: Potion            ||     1
 Armour: Skin              ||    22
  Dodge: Dodged            ||    39

Table legend: (Time is in decaauts)
 A = Elapsed time spent in this place.
 B = Non-inter-level travel time spent in this place.
 C = Inter-level travel time spent in this place.
 D = Time resting spent in this place.
 E = Time spent auto-exploring this place.
 F = Levels seen in this place.
 G = Mean time per level.
                   A        B        C        D        E       F      G
               +--------+--------+--------+--------+--------+-----+--------+
         Total |    627 |    627 |      0 |      0 |    412 |   2 |  313.5 |
       Dungeon |    627 |    627 |      0 |      0 |    412 |   2 |  313.5 |
               +--------+--------+--------+--------+--------+-----+--------+

Top non-repeatable levels by time:
     D:2: 510 daAuts
     D:1: 117 daAuts
